 Dungeon Crawl Stone Soup version 0.18-a0-1800-gdc7a371 (webtiles) character file.

79 Minkie the Magician (level 4, 0/24 HPs)
             Began as a Deep Elf Fire Elementalist on Apr 25, 2016.
             Slain by a gnoll (5 damage)
             ... on level 2 of the Dungeon.
             The game lasted 00:04:37 (1493 turns).

Minkie the Magician (Deep Elf Fire Elementalist)    Turns: 1493, Time: 00:04:38

Health: 0/24       AC:  3    Str:  5    XL:     4   Next: 16%
Magic:  7/12       EV:  8    Int: 21    God:
Gold:   57         SH:  0    Dex: 15    Spells: 2 memorised, 7 levels left

rFire  . . .     SeeInvis .     e - +0 dagger
rCold  . . .     Gourm    .     a - +0 robe
rNeg   . . .     Faith    .     (no shield)
rPois  .         Spirit   .     (no helmet)
rElec  .         Dismiss  .     (no cloak)
rCorr  .         Reflect  .     g - +0 pair of gloves
SustAt .         Harm     .     (no boots)
MR     .....                    (no amulet)
Stlth  ++........               (no ring)
                                (no ring)

@: very slightly contaminated, not resistant to hostile enchantments, unstealthy
A: no striking features
a: no special abilities


You were on level 2 of the Dungeon.
You were not hungry.

You visited 1 branch of the dungeon, and saw 2 of its levels.

You collected 57 gold pieces.

Inventory:

Hand Weapons
 e - a +0 dagger (weapon)
Armour
 a - a +0 robe (worn)
 g - a +0 pair of gloves (worn)
 j - a +0 buckler
Scrolls
 i - 3 scrolls of remove curse {unknown}
 l - a scroll of enchant armour {unknown}
Potions
 h - a potion of heal wounds {unknown}
 k - a potion of brilliance {unknown}
 m - 2 potions of invisibility {unknown}
Books
 b - a book of Flames

   Spells                             Type                      Level
   a - Flame Tongue                   Conjuration/Fire             1
   b - Throw Flame                    Conjuration/Fire             2
   c - Conjure Flame                  Conjuration/Fire             3
   d - Inner Flame                    Hexes/Fire                   3
   e - Sticky Flame                   Conjuration/Fire             4
   f - Fireball                       Conjuration/Fire             5
Comestibles
 c - a bread ration
 d - 5 chunks of flesh
 f - a meat ration


   Skills:
 - Level 2.4 Dodging
 - Level 2.4 Stealth
 + Level 0.7 Shields
 * Level 4.8 Spellcasting
 + Level 2.1 Conjurations
 + Level 3.7 Fire Magic


You had 7 spell levels left.
You knew the following spells:

 Your Spells              Type           Power        Failure   Level  Hunger
a - Flame Tongue          Conj/Fire      ###..        3%          1    None
b - Sticky Flame          Conj/Fire      ###.....     34%         4    ####...


Dungeon Overview and Level Annotations

Branches:
Dungeon (2/15)

Altars:


Message History

Press: ? - help, Shift-Dir - straight line, f/p - gnoll
Aim: a gnoll (lightly wounded)
You miscast Flame Tongue.
You are very lightly contaminated with residual magic.
Your hair stands on end.
The gnoll barely misses you. The giant newt closely misses you.
Casting: Flame Tongue
Confirm with . or Enter, or press ? or * to list all spells.
Aiming: Flame Tongue
Press: ? - help, Shift-Dir - straight line, f/p - gnoll
Aim: a gnoll (lightly wounded)
The flame tongue hits the gnoll.
The gnoll is heavily wounded.
The gnoll hits you!
* * * LOW HITPOINT WARNING * * *
The giant newt barely misses you.
You see here a hobgoblin skeleton.
There is a stone staircase leading up here.
The gnoll hits you.
You die...

........#.####........<.....
........#.# #..>.#.#####...
......).#.# ######.........
#####.#...##### ####.####
#.###.....#### #
##.##..........
...........####
.#.#.......####
(..##..รท@.....##
###.....lg.###..##
#.##...l.......#
#........####... ###....####
#.......# #.......#
###.......# #....?(...#


You could see a gnoll and 2 giant newts.

Vanquished Creatures
  2 adders (D:2)
  2 gnolls (D:2)
  3 dart slugs
  3 bats
  2 giant cockroaches (D:1)
  3 goblins (D:1)
  5 hobgoblins
  6 jackals (D:1)
  A quokka (D:2)
  A ball python (D:1)
  2 kobolds (D:1)
  4 rats
34 creatures vanquished.

Notes
Turn   | Place    | Note
--------------------------------------------------------------
     0 | D:1      | Minkie the Deep Elf Fire Elementalist began the quest for the Orb.
     0 | D:1      | Reached XP level 1. HP: 10/10 MP: 6/6
   319 | D:1      | Reached XP level 2. HP: 14/15 MP: 1/8
   616 | D:1      | Reached skill level 4 in Spellcasting
  1107 | D:1      | Reached XP level 3. HP: 19/19 MP: 4/10
  1401 | D:2      | Reached XP level 4. HP: 24/24 MP: 7/12
  1407 | D:2      | Learned a level 4 spell: Sticky Flame
  1493 | D:2      | Slain by a gnoll

Vault maps used:
D:1:      dpeg_arrival_subterranean_lakeside_camping, st_stairs_7,
          solitary_fountain
D:2:      lemuel_round_altar, uniq_jessica

Skill      XL: |  1  2  3 |
---------------+----------+-----
Spellcasting   | 4 |  4.8
Conjurations   | 2 |  2.1
Dodging        | |  2.4
Stealth        | |  2.4
Shields        | |  0.7
Fire Magic     | |  3.7

Action                   |  1- 3 |  4- 6 || total
-------------------------+-------+-------++-------
Melee: Dagger            |    34 |       ||    34
 Cast: Flame Tongue      |    57 |    10 ||    67
 Stab: Sleeping          |     2 |       ||     2
  Eat: Chunk             |     1 |     1 ||     2
Armor: Robe              |     9 |       ||     9
Dodge: Dodged            |    35 |     6 ||    41
